 Dungeon Crawl Stone Soup version 0.22.1-1-ga44c0e5 (webtiles) character file.

308 dvd the Firebug (level 6, -1/37 HPs)
             Began as an Octopode Fire Elementalist on Oct 22, 2018.
             Slain by a hippogriff (12 damage)
             ... on level 2 of the Dungeon.
             The game lasted 00:09:23 (3807 turns).

dvd the Firebug (Octopode Fire Elementalist)        Turns: 3807, Time: 00:09:24

Health: -1/37      AC:  1    Str:  7    XL:     6   Next: 40%
Magic:  10/11      EV: 16    Int: 20    God:
Gold:   152        SH:  0    Dex: 12    Spells: 5/12 levels left

rFire    . . .     SeeInvis .   f - +0 hand axe
rCold    . . .     Gourm    .   (no shield)
rNeg     . . .     Faith    .   (helmet restricted)
rPois    .         Spirit   .   (no amulet)
rElec    .         Reflect  .   o - +1 ring of evasion
rCorr    .         Harm     .   p - +1 ring of evasion (curse)
MR       .....                  (no ring)
Stlth    +++.......             (no ring)
HPRegen  0.12/turn              (no ring)
MPRegen  0.12/turn              (no ring)
                                (no ring)
                                (no ring)

@: no status effects
A: almost no armour, stealthy swim, amphibious, 8 rings, constrict 8, camouflage
1, gelatinous body 1
a: no special abilities


You were on level 2 of the Dungeon.
You were very hungry.

You visited 1 branch of the dungeon, and saw 3 of its levels.

You collected 152 gold pieces.

Inventory:

Hand Weapons
 f - a +0 hand axe (weapon)
 u - a +0 morningstar
Jewellery
 o - a +1 ring of evasion (left tentacle)
 p - a cursed +1 ring of evasion (right tentacle)
Wands
 l - a wand of disintegration (10)
Scrolls
 a - 3 scrolls of teleportation {unknown}
 c - a scroll of enchant armour {unknown}
 e - 2 scrolls of remove curse {unknown}
 h - a scroll of noise {unknown}
 i - 4 scrolls of amnesia {unknown}
 k - a scroll of random uselessness {unknown}
 m - a scroll of enchant weapon {unknown}
 r - a scroll of fear {unknown}
 s - 3 scrolls of identify {unknown}
Potions
 d - a potion of ambrosia {unknown}
 g - 3 potions of curing {unknown}
 j - a potion of flight {unknown}
 n - 2 potions of agility {unknown}
 q - 2 potions of haste {unknown}
 v - a potion of heal wounds {unknown}
Comestibles
 b - 2 rations


   Skills:
 + Level 0.7 Fighting
 + Level 1.4 Axes
 + Level 2.9 Dodging
 + Level 4.1 Stealth
 + Level 3.5 Spellcasting
 + Level 2.2 Conjurations
 + Level 4.2 Fire Magic


You had 5 spell levels left.
You knew the following spells:

 Your Spells              Type           Power        Failure   Level  Hunger
a - Flame Tongue          Conj/Fire      ###..        3%          1    None
b - Throw Flame           Conj/Fire      ###...       5%          2    ##.....
c - Sticky Flame          Conj/Fire      ###.....     34%         4    ####...

Your spell library contained the following spells:

 Spells                   Type           Power        Failure   Level  Hunger
 Conjure Flame            Conj/Fire      ###.....     11%         3    ###....
 Inner Flame              Hex/Fire       ##......     17%         3    ###....
 Fireball                 Conj/Fire      ###.......   69%         5    ######.


Dungeon Overview and Level Annotations

Branches:
Dungeon (3/15)

Altars:
Ashenzari
Fedhas
Trog


Innate Abilities, Weirdness & Mutations

You cannot wear most types of armour.
You are very stealthy in the water. (Stealth+)
You are amphibious.
You can wear up to eight rings at the same time.
You can use your tentacles to constrict eight enemies at once.
Your skin changes colour to match your surroundings (Stealth+).
Your rubbery body absorbs attacks. (AC +1, EV +1)


Message History

Aiming: Sticky Flame (quite dangerous; 34% risk of failure)
Press: ? - help, Shift-Dir - straight line, f/p - hippogriff
Aim: a hippogriff (lightly wounded)
You miscast Sticky Flame.
You feel a strange surge of energy! The hippogriff misses you.
The hippogriff pecks you!
* * * LOW HITPOINT WARNING * * *
The hippogriff claws you.
* * * LOW HITPOINT WARNING * * *
Unknown command.
There is a stone staircase leading down here.
You are feeling very hungry.
Things that are here:
a spear x2
There is a stone staircase leading down here.
Things that are here:
a spear x2
Your magical contamination has completely faded away.
There is a stone staircase leading down here.
The hippogriff bites you!
You die...

#...............#
#.#.....#..####.#
#.#.....#..# #.# #
#.#......(.# #.# #
#.#.#####.#####.# #
#.........>.....#
########.#####.#######
'.............>H.#
####.###....####@# #
#.# ####.# #.# # #.#
#)# #.# ####+#### #.#
#.# ##..(...###.####.#
#.............#.#
#.......##.##.#.#
#.......#..<#.#.#
###'###.#####.#.#


You could see a hippogriff.

Vanquished Creatures
  3 jellies (D:2)
  An orc priest (D:3)
  An orc wizard (D:3)
  Jessica (D:2)
  2 gnolls (D:2)
  An adder (D:3)
  9 oozes
  2 dart slugs (D:3)
  A worm (D:3)
  2 leopard geckos
  4 orcs (D:3)
  A ball python (D:2)
  3 giant cockroaches
  5 goblins
  4 hobgoblins
  2 jackals (D:3)
  9 kobolds
  8 bats
  A frilled lizard (D:1)
  4 rats
64 creatures vanquished.

Vanquished Creatures (others)
  8 toadstools (D:2)
8 creatures vanquished.

Grand Total: 72 creatures vanquished

Notes
Turn   | Place    | Note
-------+----------+-------------------------------------------
     0 | D:1      | dvd the Octopode Fire Elementalist began the quest for the
                  | Orb.
     0 | D:1      | Reached XP level 1. HP: 11/11 MP: 3/3
    41 | D:1      | Reached XP level 2. HP: 15/17 MP: 0/5
    98 | D:1      | Learned a level 2 spell: Throw Flame
   885 | D:2      | Noticed Jessica
   892 | D:2      | Killed Jessica
   892 | D:2      | Reached XP level 3. HP: 12/21 MP: 0/6
  1011 | D:2      | Found a shattered altar of Ashenzari.
  1123 | D:2      | Found a bloodstained altar of Trog.
  1299 | D:2      | Found a blossoming altar of Fedhas.
  1476 | D:2      | Reached XP level 4. HP: 25/27 MP: 3/7
  1555 | D:2      | HP: 1/27 [ooze (3)]
  1951 | D:2      | Reached XP level 5. HP: 31/31 MP: 4/9
  2106 | D:2      | Learned a level 4 spell: Sticky Flame
  2301 | D:3      | Reached skill level 1 in Axes
  2582 | D:3      | Noticed a hippogriff
  3088 | D:3      | Reached XP level 6. HP: 37/37 MP: 3/11
  3807 | D:2      | Slain by a hippogriff

Skill      XL: |  1  2  3  4  5 |
---------------+----------------+-----
Stealth        | 3 4 |  4.1
Spellcasting   | 3 |  3.5
Fire Magic     | 4 |  4.2
Conjurations   | 2 |  2.2
Axes           | 1 |  1.4
Fighting       | |  0.7
Dodging        | |  2.9

Action                   |  1- 3 |  4- 6 || total
-------------------------+-------+-------++-------
Melee: Tentacles         |     1 |     6 ||     7
       Constrict         |     1 |     8 ||     9
       Unarmed           |     1 |       ||     1
       Hand axe          |     3 |    39 ||    42
 Cast: Flame Tongue      |    39 |    66 ||   105
       Throw Flame       |     2 |    10 ||    12
       Sticky Flame      |       |     1 ||     1
 Stab: Sleeping          |     1 |     3 ||     4
  Eat: Chunk             |     2 |     4 ||     6
       Ration            |       |     1 ||     1
Armor: Skin              |       |     8 ||     8
Dodge: Dodged            |     9 |    99 ||   108
